 Dungeon Crawl Stone Soup version 0.30.1-6-gbe392663c4 (webtiles) character file.

Game seed: 16078479049028162720

152 Ivernyr the Trooper (level 5, -7/42 HPs)
             Began as a Formicid Fighter on Sept 20, 2023.
             Was an Initiate of Wu Jian.
             Mangled by Prince Ribbit (16 damage)
             ... on level 5 of the Dungeon.
             The game lasted 00:04:19 (3245 turns).

Ivernyr the Trooper (Formicid Fighter)              Turns: 3245, Time: 00:04:20

Health: -7/42      AC:  8    Str: 23    XL:     5   Next: 60%
Magic:  5/5        EV: 10    Int:  7    God:    Wu Jian [......]
Gold:   191        SH:  5    Dex: 13    Spells: 4/4 levels left

rFire   . . .        a - +0 quarterstaff
rCold   . . .        c - +0 buckler
rNeg    . . .        b - +0 scale mail
rPois   .            (helmet unavailable)
rElec   .            (no cloak)
rCorr   .            (no gloves)
SInv    +            q - +0 pair of boots
Will    .....        (no amulet) Stlth
                     (no ring)
HPRegen 0.27/turn    (no ring)
MPRegen 0.09/turn

%: no passive effects
@: no status effects
A: permanent stasis, dig shafts and tunnels, antennae 3, four strong arms
a: Dig, Shaft Self, Renounce Religion


You were on level 5 of the Dungeon.
You worshipped Wu Jian.
Wu Jian was noncommittal.
You visited 2 branches of the dungeon, and saw 6 of its levels.

You collected 191 gold pieces.

Inventory:

Hand Weapons
 a - a +0 quarterstaff (weapon)
Missiles
 h - a throwing net
Armour
 b - a +0 scale mail (worn)
 c - a +0 buckler (worn)
 q - a +0 pair of boots (worn)
Jewellery
 r - a ring of magical power
Wands
 s - a wand of flame (11)
Scrolls
 e - a scroll of silence {unknown}
 g - a scroll of blinking {unknown}
 i - 4 scrolls of identify {unknown}
 k - 2 scrolls of teleportation {unknown}
 n - a scroll of amnesia {unknown}
 o - a scroll of enchant weapon {unknown}
 t - a scroll of magic mapping {unknown}
Potions
 d - 2 potions of might
 f - a potion of magic {unknown}
 j - a potion of curing {unknown}
 l - a potion of resistance {unknown}
 m - a potion of lignification {unknown}
 p - a potion of degeneration {unknown}


   Skills:
 + Level 4.1 Fighting
 * Level 3.6 Staves
 + Level 4.0 Armour
 + Level 1.7 Dodging
 - Level 4.0 Shields


You had 4 spell levels left.
You didn't know any spells.
Your spell library contained the following spells:

 Spells                   Type           Power      Damage    Failure   Level
 Apportation              Tloc           0%         N/A       80%         1
 Necrotise                Necr           0%         1d4       80%         1
 Summon Small Mammal      Summ           0%         N/A       80%         1
 Ozocubu's Armour         Ice            0%         N/A       99%         3
 Animate Armour           Summ/Erth      0%         N/A       100%        4
 Alistair's Intoxication  Tmut/Pois      0%         N/A       100%        5
 Blade Hands              Tmut           0%         N/A       100%        5
 Iron Shot                Conj/Erth      0%         9d1       100%        6
 Ozocubu's Refrigeration  Ice            0%         4d7       100%        7


Dungeon Overview and Level Annotations

Branches:
Dungeon (5/15)             Temple (1/1) D:4

Altars:
Elyvilon
Gozag
Makhleb
Nemelex Xobeh
Trog
Wu Jian
Xom
Yredelemnul
Zin

Annotations:
D:5 Prince Ribbit


Innate Abilities, Weirdness & Mutations

You cannot be hasted, slowed, berserked, paralysed or teleported.
You can dig through walls and to a lower floor.
You have a pair of large antennae on your head. (SInv)
Your four strong arms can wield two-handed weapons with a shield.


Message History

The quokka barely misses you. The adder bites you but does no damage.
The quokka closely misses you.
You sock Prince Ribbit!
Prince Ribbit is moderately wounded.
The adder bites you but does no damage. Prince Ribbit closely misses you.
The quokka bites you but does no damage.
The adder bites you but does no damage. Prince Ribbit hits you!
You closely miss Prince Ribbit.
Prince Ribbit is moderately wounded.
The adder barely misses you.
Prince Ribbit blinks!
The quokka closely misses you.
You hit the adder.
The adder is severely wounded.
The adder barely misses you. You block the quokka's attack.
Prince Ribbit hits you. The adder bites you but does no damage.
You block the quokka's attack.
You sock the adder!
You kill the adder!
The Council accepts your kill.
Prince Ribbit blinks!
The quokka misses you.
You barely miss the quokka. The quokka closely misses you.
You thump the quokka!
You kill the quokka!
The Council accepts your kill.
You see here a quokka corpse.
You hit Prince Ribbit.
Prince Ribbit is heavily wounded.
Prince Ribbit blinks!
You hit Prince Ribbit.
Prince Ribbit is heavily wounded.
Prince Ribbit lets out a mournful croak.
You block Prince Ribbit's attack. x2
You barely miss Prince Ribbit.
Prince Ribbit is heavily wounded.
Prince Ribbit hits you! x2
* * * LOW HITPOINT WARNING * * *
You closely miss Prince Ribbit.
Prince Ribbit is heavily wounded.
Prince Ribbit hits you!
You die...

.{ .## ####
... #..
##.###.####
#.........#
###.....<...#
.......F@...#
..........†.#
.....########
##.. #. #


You could see Prince Ribbit.

Vanquished Creatures
  Jessica (D:3)
  5 adders
  2 worms
  3 dart slugs
  3 orcs (D:2)
  4 endoplasms
  3 giant cockroaches
  11 goblins
  2 hobgoblins
  6 jackals
  3 kobolds
  6 quokkas
  4 ball pythons
  6 bats
  4 frilled lizards
  4 rats
67 creatures vanquished.

Notes
Turn   | Place    | Note
-------+----------+-------------------------------------------
     0 | D:1      | Ivernyr the Formicid Fighter began the quest for the Orb.
     0 | D:1      | Reached XP level 1. HP: 18/18 MP: 1/1
   193 | D:1      | Reached XP level 2. HP: 24/24 MP: 2/2
   268 | D:1      | You fall into a shaft and drop 1 floor!
   400 | D:2      | Reached XP level 3. HP: 29/29 MP: 3/3
   533 | D:2      | Reached skill level 1 in Dodging
   990 | D:1      | Reached XP level 4. HP: 36/37 MP: 4/4
  1728 | D:3      | Found a white marble altar of Elyvilon.
  2112 | D:3      | Noticed Jessica
  2115 | D:3      | Killed Jessica
  2116 | D:3      | Reached XP level 5. HP: 41/42 MP: 5/5
  2635 | D:4      | Found a sparkling altar of Nemelex Xobeh.
  2993 | D:4      | Found a staircase to the Ecumenical Temple.
  3026 | Temple   | Entered the Ecumenical Temple
  3049 | Temple   | Became a worshipper of the Wu Jian Council
  3225 | D:5      | Entered Level 5 of the Dungeon
  3225 | D:5      | Noticed Prince Ribbit
  3245 | D:5      | Mangled by Prince Ribbit

Illustrated notes

Levels and vault maps discovered:
D:1:      wander_arrival_fairy_ring, layout_loops_corners, grunt_decor_junction
D:2:      layout_basic
D:3:      layout_loops_ring, elyvilon_altar_5, nicolae_eternal_life,
          dk_noncrumbling_3, uniq_jessica
D:4:      layout_loops_ring, nemelex_xobeh_ov_fountains_minmay, temple_green
D:5:      layout_basic, uniq_edmund, uniq_ijyb, uniq_prince_ribbit1
Temple:   nicolae_temple_great_sept

Skill      XL: |  1  2  3  4  5 |
---------------+----------------+-----
Dodging        | 1 |  1.7
Staves         | 3 |  3.6
Fighting       | 4 |  4.1
Armour         | 4 |  4.0
Shields        | |  4.0

Action                     |  1- 3 |  4- 6 || total
---------------------------+-------+-------++-------
  Melee: Quarterstaff      |    92 |    95 ||   187
Ability: Lunge             |       |     1 ||     1
 Armour: Scale mail        |    43 |    43 ||    86
  Dodge: Dodged            |    55 |    48 ||   103
  Block: Buckler           |    24 |    24 ||    48
